 Dungeon Crawl Stone Soup version 0.21-a0-471-gd587bd5 (webtiles) character file.

4329 kae the Martial Artist (level 10, 0/84 HPs)
             Began as a Green Draconian Transmuter on Nov 21, 2017.
             Was a Follower of Wu Jian.
             Slain by a troll (14 damage)
             ... on level 8 of the Dungeon.
             The game lasted 00:11:02 (8033 turns).

kae the Martial Artist (Green Draconian Transmuter) Turns: 8033, Time: 00:11:03

Health: 0/84       AC:  2    Str: 12    XL:     10   Next: 12%
Magic:  15/18      EV: 20    Int: 13    God:    Wu Jian [*.....]
Gold:   452        SH:  0    Dex: 27    Spells: 9/20 levels left

rFire    . . .     SeeInvis .     - Unarmed
rCold    + . .     Gourm    .   (shield currently unavailable)
rNeg     . . .     Faith    .   (armour unavailable)
rPois    x         Spirit   .   (helmet currently unavailable)
rElec    .         Reflect  .   (cloak currently unavailable)
rCorr    .         Harm     .   (gloves currently unavailable)
MR       .....                  (boots currently unavailable)
Stlth    ++........             p - amulet of regeneration
HPRegen  0.64/turn              o - +6 ring of dexterity
MPRegen  0.16/turn              v - ring of protection from cold

@: spider-form
A: (breathe noxious fumes), unfitting armour, AC +7
a: End Transformation, Renounce Religion


You were on level 8 of the Dungeon.
You worshipped Wu Jian.
Wu Jian was aware of your devotion.
You were near starving.
You were a venomous arachnid creature.
You visited 2 branches of the dungeon, and saw 10 of its levels.

You collected 452 gold pieces.

Inventory:

Hand Weapons
 i - a +0 mace
 D - a +0 whip of freezing (melded)
Missiles
 a - 157 arrows
Armour
 f - a +2 hat (melded)
 j - a +1 pair of gloves of strength (melded)
 u - a +0 pair of boots (melded)
Jewellery
 o - a +6 ring of dexterity (left front leg)
 p - an amulet of regeneration (around neck)
 v - a ring of protection from cold (right front leg)
Wands
 r - a wand of flame (21)
 t - a wand of digging (27)
Scrolls
 g - 6 scrolls of remove curse
Potions
 e - a potion of agility
 h - 5 potions of brilliance
 k - 3 potions of lignification {unknown}
 l - 2 potions of curing
 w - a potion of mutation {unknown}
 z - a potion of cancellation {unknown}
 A - a potion of degeneration {unknown}
 C - 2 potions of haste {unknown}
Books
 b - a book of Changes

   Spells                             Type                      Level
   a - Beastly Appendage              Transmutation                1
   b - Sticks to Snakes               Transmutation                2
   c - Spider Form                    Transmutation/Poison         3
   d - Ice Form                       Ice/Transmutation            4
   e - Blade Hands                    Transmutation                5
 y - a book of Enchantments

   Spells                             Type                      Level
   a - Cause Fear                     Hexes                        4
   b - Yara's Violent Unravelling     Hexes/Transmutation          5
   c - Silence                        Hexes/Air                    5
   d - Deflect Missiles               Charms/Air                   6
   e - Discord                        Hexes                        8
 B - a book of Necromancy

   Spells                             Type                      Level
   a - Pain                           Necromancy                   1
   b - Animate Skeleton               Necromancy                   1
   c - Vampiric Draining              Necromancy                   3
   d - Regeneration                   Charms/Necromancy            3
   e - Animate Dead                   Necromancy                   4
   f - Control Undead                 Necromancy                   4
Comestibles
 c - 5 bread rations
 d - 15 fruits
 m - 6 royal jellies
 n - 4 meat rations


   Skills:
 + Level 6.6 Fighting
 - Level 1.7 Dodging
 * Level 9.1 Unarmed Combat
 + Level 5.7 Spellcasting
 * Level 8.8 Transmutations


You had 9 spell levels left.
You knew the following spells:

 Your Spells              Type           Power        Failure   Level  Hunger
a - Beastly Appendage     Tmut           ####..       3%          1    None
b - Sticks to Snakes      Tmut           ####....     4%          2    ##.....
c - Spider Form           Tmut/Pois      ###.......   22%         3    ###....
d - Blade Hands           Tmut           ####......   28%         5    ######.


Dungeon Overview and Level Annotations

Branches:
Dungeon (9/15)             Temple (1/1) D:6
   Lair: D:8-11         Orc: D:9-12

Altars:
Ashenzari
Cheibriados
Dithmenos
Elyvilon
Fedhas
Gozag
Hepliaklqana
Kikubaaqudgha
Makhleb
Nemelex Xobeh
Okawaru
Qazlal
Ru
Sif Muna
Trog
Uskayaw
Vehumet
Wu Jian
Xom
Yredelemnul
Zin
The Shining One

Shops:
D:5 :

Annotations:
D:2 Natasha
D:7 Menkaure


Innate Abilities, Weirdness & Mutations

((You can breathe blasts of noxious fumes.))
((Your lurid green scales are hard. (AC +7)))
You cannot fit into any form of body armour.
((Your system is resistant to poisons. (rPois)))
((You are cold-blooded and may be slowed by cold attacks.))


Message History

You turn into a venomous arachnid creature.
Your +0 whip of freezing melds into your body.
Your +2 hat melds into your body.
Your +1 pair of gloves of strength melds into your body.
Your +0 pair of boots melds into your body.
Your +0 whip of freezing stops glowing.
You feel weaker. The troll closely misses you. The troll barely misses you.
The troll claws you. The troll bites you! The troll closely misses you.
The troll barely misses you.
You hit the troll.
The troll is lightly wounded.
The troll bites you! The troll claws you! The troll closely misses you.
You barely miss the troll.
The troll is lightly wounded.
The troll bites you!
* * * LOW HITPOINT WARNING * * *
The troll claws you.
* * * LOW HITPOINT WARNING * * *
The troll claws you!
You die...

##..⌠.⌠†######.###.###...##..#...
##..._..######.###.###...##..#...
....⌠.⌠.....#....#.......##..##..
............#....#.....>.##..##..
.##.##..##..##..###.#######......
###.##+###..##..###.###..##......
#...<............#...#..###+##.#
#............[...'...'..##..##.#
###.###+########s######..##.....#
..#†##..########T###.######.....#
...........#....aW.W......#.....#
...........#.............##.....#
#.######+####.#......#...##.....#
#.######..############...##......
...........(# #[...........
..†.........# #.......>....
............# #...........#


You could see a troll, a phantom and a worker ant.

Vanquished Creatures
  A hydra (D:8)
  Pikel (D:7)
  The ghost of Lavandula the Magician, a novice OpTm (D:8)
  2 dream sheep (D:8)
  2 yaks (D:8)
  2 phantoms
  A sky beast (D:8)
  3 ogres
  A centaur (D:8)
  2 big kobolds (D:8)
  5 bullfrogs
  6 scorpions
  7 howler monkeys
  A crimson imp (D:5)
  2 bullfrog skeletons
  3 hounds
  4 centaur skeletons
  2 iguanas (D:8)
  8 worker ants
  A killer bee zombie (D:8)
  2 hound skeletons
  8 adders
  3 shadow imps
  An ooze (D:2)
  An adder skeleton (D:4)
  2 adder zombies
  3 worms
  A dart slug (D:3)
  3 leopard geckos
  6 orcs
  7 bats
  7 giant cockroaches
  6 goblins
  6 hobgoblins
  8 jackals
  6 kobolds
  2 quokkas
  3 ball pythons
  3 frilled lizards
  8 rats
141 creatures vanquished.

Vanquished Creatures (collateral kills)
  A big kobold (D:8)
1 creature vanquished.

Vanquished Creatures (others)
  A slave (D:7)
1 creature vanquished.

Grand Total: 143 creatures vanquished

Notes
Turn   | Place    | Note
-------+----------+-------------------------------------------
     0 | D:1      | kae the Draconian Transmuter began the quest for the Orb.
     0 | D:1      | Reached XP level 1. HP: 16/16 MP: 3/3
   172 | D:1      | Reached XP level 2. HP: 23/23 MP: 5/5
  1011 | D:2      | Reached XP level 3. HP: 17/28 MP: 4/6
  1606 | D:2      | Noticed Natasha
  1806 | D:2      | Reached XP level 4. HP: 29/36 MP: 7/7
  2616 | D:3      | Reached skill level 4 in Unarmed Combat
  3121 | D:4      | Reached XP level 5. HP: 42/42 MP: 8/8
  3606 | D:4      | Reached XP level 6. HP: 50/50 MP: 10/10
  3709 | D:4      | Reached skill level 5 in Unarmed Combat
  3908 | D:5      | Entered Level 5 of the Dungeon
  4265 | D:5      | Your scales start taking on a lurid green colour.
  4265 | D:5      | Reached XP level 7. HP: 56/57 MP: 11/11
  4265 | D:5      | Gained mutation: Your system is resistant to poisons. (rPois) [Green Draconian growth]
  4357 | D:5      | Found Nuetoul's Book Shoppe.
  4599 | D:6      | Reached skill level 5 in Transmutations
  4634 | D:6      | Found a staircase to the Ecumenical Temple.
  4664 | Temple   | Entered the Ecumenical Temple
  4992 | D:6      | Learned a level 2 spell: Sticks to Snakes
  4996 | D:6      | Learned a level 3 spell: Spider Form
  5025 | D:6      | Learned a level 5 spell: Blade Hands
  5027 | D:6      | Found a bloodstained altar of Trog.
  5034 | D:6      | Found a hide-covered altar of Uskayaw.
  5048 | D:6      | Reached skill level 6 in Unarmed Combat
  5053 | D:6      | Found an ancient bone altar of Kikubaaqudgha.
  5054 | D:6      | Found a blossoming altar of Fedhas.
  5054 | D:6      | Found a shimmering altar of Xom.
  5056 | D:6      | Found a shadowy altar of Dithmenos.
  5057 | D:6      | Found an ornate altar of the Wu Jian Council.
  5058 | D:6      | Found a stormy altar of Qazlal.
  5062 | D:6      | Became a worshipper of the Wu Jian Council
  5279 | D:6      | Reached XP level 8. HP: 62/66 MP: 13/13
  5542 | D:6      | Found an opulent altar of Gozag.
  5939 | D:7      | Noticed Menkaure
  6190 | D:7      | Noticed Pikel
  6215 | D:7      | Killed Pikel
  6215 | D:7      | Reached skill level 5 in Fighting
  6215 | D:7      | Reached skill level 7 in Unarmed Combat
  6461 | D:7      | Noticed a hellwing
  6671 | D:8      | Found a sparkling altar of Nemelex Xobeh.
  6701 | D:8      | Reached XP level 9. HP: 74/74 MP: 15/15
  6874 | D:8      | Reached * piety under Wu Jian
  7359 | D:8      | Reached skill level 8 in Unarmed Combat
  7359 | D:8      | Reached skill level 5 in Spellcasting
  7480 | D:8      | Noticed a three-headed hydra
  7583 | D:8      | Killed a three-headed hydra
  7800 | D:9      | Noticed a troll
  7807 | D:9      | Reached XP level 10. HP: 61/84 MP: 18/18
  7863 | D:8      | Noticed Lavandula's ghost (novice OpTm)
  7929 | D:8      | Killed Lavandula's ghost
  7929 | D:8      | Reached skill level 9 in Unarmed Combat
  8033 | D:8      | Slain by a troll

Vault maps used:
D:1:      mainiacjoe_arrival_reflecting_pool
D:2:      lemuel_upstairs_altar, uniq_natasha
D:3:      first_bread
D:5:      serial_shops, shop
D:6:      cheibrodos_helix_gallery, minitemple, minmay_temple_entry_butterflies,
          minmay_misc_feat_room, nicolae_gozag_cash_rules_everything_around_me
D:7:      cheibrodos_grave_circle, uniq_pikel, uniq_menkaure
D:8:      hangedman_ranch, nemelex_xobeh_ov_fountains_minmay
Temple:   eino_temple_water

Skill      XL: |  1  2  3  4  5  6  7  8  9 10 |
---------------+-------------------------------+-----
Transmutations | 3 4 5 7 8 |  8.8
Fighting       | 2 3 4 5 6 |  6.6
Unarmed Combat | 4 5 6 7 8 9 |  9.1
Spellcasting   | 3 4 5 |  5.7
Dodging        | |  1.7

Action                   |  1- 3 |  4- 6 |  7- 9 | 10-12 || total
-------------------------+-------+-------+-------+-------++-------
Melee: Unarmed           |    42 |       |    39 |     2 ||    83
       Tailslap          |     9 |    35 |    89 |    15 ||   148
       Mace              |    94 |   217 |   219 |       ||   530
       Kick              |     3 |     7 |       |       ||    10
       Punch             |     1 |     8 |    22 |     4 ||    35
       Headbutt          |     1 |     3 |    15 |     6 ||    25
       Whip              |       |       |   176 |    59 ||   235
 Cast: Beastly Appendage |     4 |     9 |     7 |     1 ||    21
       Sticks to Snakes  |       |       |     8 |       ||     8
       Spider Form       |       |       |     3 |     1 ||     4
 Abil: Breathe Noxious F |       |       |     3 |       ||     3
Evoke: Wand              |       |       |     1 |       ||     1
  Use: Scroll            |     4 |     4 |     5 |       ||    13
       Potion            |       |       |     4 |     2 ||     6
 Stab: Sleeping          |     2 |     4 |     6 |       ||    12
  Eat: Chunk             |     3 |     8 |    13 |       ||    24
Armor: Skin              |    67 |   121 |   185 |    48 ||   421
Dodge: Dodged            |   114 |   198 |   349 |    66 ||   727

Table legend:
 A = Spawn XP
 B = Non-spawn XP
 C = Spawn XP percentage of total XP
 D = Spawn monster count
 E = Non-spawn monster count
 F = Spawn count percentage of total count
 G = Total turns spent on level
                    A         B        C        D         E        F      G
               +---------+---------+-------+---------+---------+-------+---------
         Total |       0 |    6185 |   0.0 |       0 |     142 |   0.0 |  8033
               +---------+---------+-------+---------+---------+-------+---------
           D:1 |       0 |      27 |   0.0 |       0 |      16 |   0.0 |   990
           D:2 |       0 |      76 |   0.0 |       0 |      26 |   0.0 |  1032
           D:3 |       0 |      82 |   0.0 |       0 |      18 |   0.0 |  1085
           D:4 |       0 |     393 |   0.0 |       0 |      13 |   0.0 |   801
           D:5 |       0 |     334 |   0.0 |       0 |      16 |   0.0 |   670
           D:6 |       0 |     947 |   0.0 |       0 |      16 |   0.0 |  1064
           D:7 |       0 |     902 |   0.0 |       0 |       7 |   0.0 |   786
           D:8 |       0 |    2993 |   0.0 |       0 |      22 |   0.0 |  1293
           D:9 |       0 |     431 |   0.0 |       0 |       8 |   0.0 |    87
               +---------+---------+-------+---------+---------+-------+---------
